Binghampton Senators vs Portland Pirates

Created - 6 janvier 2021 at 19:56

Goals
1 2 3 T
Binghampton Senators 1 1 1 3
Portland Pirates 0 0 1 1
Shots
1 2 3 T
Binghampton Senators 16 12 5 33
Portland Pirates 5 5 16 26

1st period

1. Binghampton Senators , Anthony Greco 10 (Lane Pederson 21, Roland McKeown 7) at 6:38

Penalties :
Roland McKeown (SEN) for Slashing (Minor) at 10:14

2nd period

2. Binghampton Senators , Connor Dewar 9 (Wiley Sherman 3) at 10:19

Penalties :
Dominic Toninato (PIR) for Interference (Minor) at 11:30

3rd period

3. Portland Pirates , David Kase 2 (Nico Sturm 6) at 7:16
4. Binghampton Senators , Eric Robinson 12 (Vinni Lettieri 25) at 12:20 (PP)

Penalties :
Oliver Kylington (PIR) for Holding (Minor) at 0:22, Justin Kirkland (SEN) for Elbowing (Minor) at 9:56, David Kase (PIR) for Hooking (Minor) at 12:12, Eeli Tolvanen (PIR) for Fighting (Major) at 13:30, Jonah Gadjovich (SEN) for Fighting (Major) at 13:30

Goalie Stats

Jon Gillies (SEN), 25 saves from 26 shots - (0,962), W, 11-7-2, 60:00 minutes
Max Lagace (PIR), 30 saves from 33 shots - (0,909), L, 7-7-2, 60:00 minutes

Players Stats for Binghampton Senators

Player Name              G  A  P  +/- PIM S  H  SB GA TA FO     MP     PP MP  PK MP  
------------------------------------------------------------------------------------
Anthony Greco            1  0  1   0  0   3  0  1  0  0  0/0    17:52   1:43   0:00 
Beck Malenstyn           0  0  0   0  0   0  1  0  1  0  0/0    10:19   0:00   0:00 
Ben Jones                0  0  0   0  0   0  0  0  0  0  0/0     2:59   0:08   0:00 
Brandon Gignac           0  0  0   1  0   1  0  0  0  0  2/2     7:59   0:00   0:00 
Connor Dewar             1  0  1   1  0   1  1  0  0  0  1/2     9:52   0:11   0:41 
Dylan Coghlan            0  0  0   1  0   1  0  2  0  0  0/0    14:50   0:00   0:54 
Eric Robinson            1  0  1   0  0   8  2  3  1  0  0/1    20:26   2:20   1:12 
Jake Bischoff            0  0  0   0  0   0  3  1  0  0  0/0    20:50   1:47   1:38 
Jansen Harkins           0  0  0   0  0   0  0  1  1  1  2/7    12:01   0:00   1:07 
Jonah Gadjovich          0  0  0   1  5   2  0  0  0  0  0/0     7:38   0:00   0:00 
Justin Kirkland          0  0  0   0  2   2  4  1  1  0  1/1    17:45   1:43   0:00 
Kevin Porter             0  0  0   0  0   1  0  1  1  0  0/0    20:17   2:15   1:12 
Lane Pederson            0  1  1   0  0   6  4  1  1  0  6/13   23:05   1:43   1:52 
Roland McKeown           0  1  1   0  2   1  2  0  0  0  0/0    19:55   1:47   0:44 
Tobias Bjornfot          0  0  0   0  0   5  1  0  0  1  0/0    25:26   2:19   2:20 
Trevor Carrick           0  0  0   0  0   1  0  4  0  2  0/0    25:26   2:19   2:20 
Vinni Lettieri           0  1  1   0  0   1  3  0  0  1  13/26  25:35   2:15   1:52 
Wiley Sherman            0  1  1   1  0   0  0  0  0  1  0/0    13:44   0:00   0:00 

Players Stats for Portland Pirates

Player Name              G  A  P  +/- PIM S  H  SB GA TA FO     MP     PP MP  PK MP  
------------------------------------------------------------------------------------
Andrew Nielsen           0  0  0   1  0   0  0  0  0  0  0/0    14:33   0:00   1:19 
Anthony Angello          0  0  0   0  0   0  0  0  0  0  0/0     0:58   0:01   0:00 
Ben Thomas               0  0  0   0  0   2  0  1  0  0  0/0    26:39   2:23   2:37 
Cole Bardreau            0  0  0  -1  0   1  0  0  0  0  0/1    20:11   1:54   0:00 
David Kase               1  0  1   0  2   2  2  0  0  0  0/0    14:03   0:00   0:00 
Devante Stephens         0  0  0  -2  0   1  0  3  0  2  0/0    20:14   1:35   1:29 
Dominic Toninato         0  0  0  -1  2   2  3  1  1  0  11/22  22:56   2:06   1:04 
Eeli Tolvanen            0  0  0  -1  5   0  1  0  1  1  0/1    19:47   2:06   1:05 
Fabian Zetterlund        0  0  0   0  0   3  1  0  0  0  1/1    15:49   0:01   1:20 
Filip Chlapik            0  0  0   0  0   1  0  0  0  0  0/0     3:47   0:00   0:39 
Frederic Allard          0  0  0  -2  0   2  0  1  0  0  0/0    20:14   1:35   1:29 
John Quenneville         0  0  0   0  0   3  1  0  2  1  1/1    17:46   1:51   0:00 
Lukas Vejdemo            0  0  0   0  0   0  3  1  0  0  0/0    17:46   1:51   0:00 
Michael Amadio           0  0  0   1  0   4  2  0  0  0  8/11   20:35   1:51   2:22 
Nico Sturm               0  1  1   0  0   5  0  0  0  0  5/10   14:45   0:00   0:39 
Oliver Kylington         0  0  0   0  2   0  2  5  2  2  0/0    25:14   2:23   1:18 
Sebastian AhoD           0  0  0   1  0   0  1  0  0  0  0/0    13:07   0:00   0:00 
Tommy Novak              0  0  0  -1  0   0  0  1  0  0  1/5     7:26   0:13   1:03 

3 Stars

1 - Jon Gillies (SEN)
2 - Eric Robinson (SEN)
3 - Connor Dewar (SEN)

Power Play

Binghampton Senators - 1 on 3 Attempt(s) - 33,33%
Portland Pirates - 0 on 2 Attempt(s) - 0,00%

Penalty Kill

Binghampton Senators - 2 on 2 Attempt(s) - 100,00% - Score 0 goal in Penalty Kill
Portland Pirates - 2 on 3 Attempt(s) - 66,67% - Score 0 goal in Penalty Kill

Team Stat

Binghampton Senators - Hits : 21 - Faceoff Wins : 25 - Blocked Shots : 15 - Penalty Minutes : 9
Portland Pirates - Hits : 16 - Faceoff Wins : 27 - Blocked Shots : 13 - Penalty Minutes : 11

Official

Referees : Francis Charron and Andrew Howard
Linesman : Libor Suchanek and Andrew Smith

Game Notes

Jonah Gadjovich beats up Eeli Tolvanen at 13:30 of 3rd period

Finance

Level 1 -- Attendance: 2000 (100,00%) -- Ticket Income 60 000 $
Level 2 -- Attendance: 1000 (100,00%) -- Ticket Income 13 000 $
Total Attendance: 3000 (100,00%)
Total Ticket Income: 73 000 $
Other Income: 35 770 $
Total Income: 108 770 $

Binghampton Senators

5 vs 5 Forward 
   Center                   Left Wing                Right Wing               Time % Phy DF OF 
 1 Vinni Lettieri           Kevin Porter             Eric Robinson            40     1   2  2  
 2 Lane Pederson            Anthony Greco            Justin Kirkland          30     1   2  2  
 3 Jansen Harkins           Beck Malenstyn           Vinni Lettieri           20     1   2  2  
 4 Brandon Gignac           Jonah Gadjovich          Lane Pederson            10     1   2  2  

5 vs 5 Defense 
   Defense                  Defense                                           Time % Phy DF OF 
 1 Tobias Bjornfot          Trevor Carrick                                    40     1   2  2  
 2 Roland McKeown           Jake Bischoff                                     30     1   2  2  
 3 Wiley Sherman            Dylan Coghlan                                     20     1   2  2  
 4 Tobias Bjornfot          Trevor Carrick                                    10     1   2  2  

PowerPlay Forward 
   Center                   Left Wing                Right Wing               Time % Phy DF OF 
 1 Vinni Lettieri           Kevin Porter             Eric Robinson            60     1   2  2  
 2 Lane Pederson            Anthony Greco            Justin Kirkland          40     1   2  2  

PowerPlay Defense
   Defense                  Defense                                           Time % Phy DF OF 
 1 Tobias Bjornfot          Trevor Carrick                                    60     1   2  2  
 2 Roland McKeown           Jake Bischoff                                     40     1   2  2  

Penalty Kill 4 Players Forward 
   Center                   Wing                     Time % Phy DF OF 
 1 Vinni Lettieri           Lane Pederson            60     1   2  2  
 2 Kevin Porter             Eric Robinson            40     1   2  2  

Penalty Kill 4 Players Defense
   Defense                  Defense                  Time % Phy DF OF 
 1 Tobias Bjornfot          Trevor Carrick           60     1   2  2  
 2 Roland McKeown           Jake Bischoff            40     1   2  2  

Penalty Kill - 3 Players Forward 
   Forward                                           Time % Phy DF OF 
 1 Vinni Lettieri                                    60     1   2  2  
 2 Lane Pederson                                     40     1   2  2  

Penalty Kill - 3 Players Defense
   Defense                  Defense                  Time % Phy DF OF 
 1 Tobias Bjornfot          Trevor Carrick           60     1   2  2  
 2 Roland McKeown           Jake Bischoff            40     1   2  2  

4 vs 4 Forward 
   Center                   Wing                     Time % Phy DF OF 
 1 Vinni Lettieri           Lane Pederson            60     1   2  2  
 2 Kevin Porter             Eric Robinson            40     1   2  2  

4 vs 4 Defense
   Defense                  Defense                  Time % Phy DF OF 
 1 Tobias Bjornfot          Trevor Carrick           60     1   2  2  
 2 Roland McKeown           Jake Bischoff            40     1   2  2  

Last Minutes Offensive
   Center                   Left Wing                Right Wing               Defense                  Defense                  
   Vinni Lettieri           Kevin Porter             Eric Robinson            Tobias Bjornfot          Trevor Carrick           

Last Minutes Defensive
   Center                   Left Wing                Right Wing               Defense                  Defense                  
   Vinni Lettieri           Kevin Porter             Eric Robinson            Tobias Bjornfot          Trevor Carrick           

Goaltenders
Starting : Jon Gillies              
Backup : Cory Schneider           

Extra Forwards
Normal : Connor Dewar, Ben Jones, Jansen Harkins - PP : Connor Dewar, Ben Jones - PK : Jansen Harkins
Extra Defensemen
Normal : Wiley Sherman, Dylan Coghlan, Roland McKeown - PP : Wiley Sherman - PK : Dylan Coghlan, Roland McKeown
Penalty Shots
Vinni Lettieri, Lane Pederson, Kevin Porter, Eric Robinson, Anthony Greco

Scratches
Gabriel Fontaine (Healthy), Mark Friedman (Healthy), Mitch Eliot (Healthy), Matteo Gennaro (Healthy), David Quenneville (Healthy)
Jake Massie (Healthy), Keegan Kanzig (Healthy), Joseph Cecconi (Healthy)

Portland Pirates

5 vs 5 Forward 
   Center                   Left Wing                Right Wing               Time % Phy DF OF 
 1 Dominic Toninato         Eeli Tolvanen            Cole Bardreau            40     1   2  2  
 2 Michael Amadio           John Quenneville         Lukas Vejdemo            30     1   2  2  
 3 Nico Sturm               David Kase               Fabian Zetterlund        20     1   2  2  
 4 Filip Chlapik            Dominic Toninato         Michael Amadio           10     1   2  2  

5 vs 5 Defense 
   Defense                  Defense                                           Time % Phy DF OF 
 1 Oliver Kylington         Ben Thomas                                        40     1   2  2  
 2 Frederic Allard          Devante Stephens                                  30     1   2  2  
 3 Sebastian AhoD           Andrew Nielsen                                    20     1   2  2  
 4 Oliver Kylington         Ben Thomas                                        10     1   2  2  

PowerPlay Forward 
   Center                   Left Wing                Right Wing               Time % Phy DF OF 
 1 Dominic Toninato         Eeli Tolvanen            Cole Bardreau            60     1   2  2  
 2 Michael Amadio           John Quenneville         Lukas Vejdemo            40     1   2  2  

PowerPlay Defense
   Defense                  Defense                                           Time % Phy DF OF 
 1 Oliver Kylington         Ben Thomas                                        60     1   2  2  
 2 Frederic Allard          Devante Stephens                                  40     1   2  2  

Penalty Kill 4 Players Forward 
   Center                   Wing                     Time % Phy DF OF 
 1 Dominic Toninato         Michael Amadio           60     1   2  2  
 2 Nico Sturm               Filip Chlapik            40     1   2  2  

Penalty Kill 4 Players Defense
   Defense                  Defense                  Time % Phy DF OF 
 1 Oliver Kylington         Ben Thomas               60     1   2  2  
 2 Frederic Allard          Devante Stephens         40     1   2  2  

Penalty Kill - 3 Players Forward 
   Forward                                           Time % Phy DF OF 
 1 Dominic Toninato                                  60     1   2  2  
 2 Michael Amadio                                    40     1   2  2  

Penalty Kill - 3 Players Defense
   Defense                  Defense                  Time % Phy DF OF 
 1 Oliver Kylington         Ben Thomas               60     1   2  2  
 2 Frederic Allard          Devante Stephens         40     1   2  2  

4 vs 4 Forward 
   Center                   Wing                     Time % Phy DF OF 
 1 Dominic Toninato         Michael Amadio           60     1   2  2  
 2 Nico Sturm               Filip Chlapik            40     1   2  2  

4 vs 4 Defense
   Defense                  Defense                  Time % Phy DF OF 
 1 Oliver Kylington         Ben Thomas               60     1   2  2  
 2 Frederic Allard          Devante Stephens         40     1   2  2  

Last Minutes Offensive
   Center                   Left Wing                Right Wing               Defense                  Defense                  
   Dominic Toninato         Eeli Tolvanen            Cole Bardreau            Oliver Kylington         Ben Thomas               

Last Minutes Defensive
   Center                   Left Wing                Right Wing               Defense                  Defense                  
   Dominic Toninato         Eeli Tolvanen            Cole Bardreau            Oliver Kylington         Ben Thomas               

Goaltenders
Starting : Max Lagace               
Backup : Casey DeSmith            

Extra Forwards
Normal : Tommy Novak, Anthony Angello, Fabian Zetterlund - PP : Tommy Novak, Anthony Angello - PK : Fabian Zetterlund
Extra Defensemen
Normal : Sebastian AhoD, Andrew Nielsen, Frederic Allard - PP : Sebastian AhoD - PK : Andrew Nielsen, Frederic Allard
Penalty Shots
Dominic Toninato, Michael Amadio, Nico Sturm, Filip Chlapik, Tommy Novak

Scratches
John Stevens (Healthy), Justin Almeida (Healthy), Ryan Collins (Healthy), Jake Leschyshyn (Healthy), Macoy Erkamps (Healthy)
Josh Melnick (Healthy)

% Time on Ice - Binghampton Senators

Lines # - Real PCT - Wanted PCT - Time Play
Normal Forward
1 - 33% - 40% - 17:13
2 - 32% - 30% - 16:25
3 - 20% - 20% - 10:19
4 - 15% - 10% - 7:59
Normal Defense
1 - 36% - 40% - 18:36
2 - 34% - 30% - 17:25
3 - 26% - 20% - 13:44
4 - 4% - 10% - 2:11
PP Forward
1 - 58% - 60% - 2:23
2 - 42% - 40% - 1:43
PP Defense
1 - 57% - 60% - 2:19
2 - 43% - 40% - 1:47
PK Forward
1 - 70% - 60% - 2:46
2 - 30% - 40% - 1:12
PK Defense
1 - 59% - 60% - 2:20
2 - 41% - 40% - 1:38
PK3 Forward
1 - 0% - 60%
2 - 0% - 40%
PK3 Defense
1 - 0% - 60%
2 - 0% - 40%
44 Forward
1 - 0% - 60%
2 - 0% - 40%
44 Defense
1 - 0% - 60%
2 - 0% - 40%
Last Minute Offensive  - 0:00
Last Minute Defensive  - 0:00
Total
Forward - 60:00
Defense - 60:00

% Time on Ice - Portland Pirates

Lines # - Real PCT - Wanted PCT - Time Play
Normal Forward
1 - 37% - 40% - 18:58
2 - 30% - 30% - 15:48
3 - 27% - 20% - 14:04
4 - 6% - 10% - 3:06
Normal Defense
1 - 38% - 40% - 19:50
2 - 33% - 30% - 17:10
3 - 25% - 20% - 13:07
4 - 3% - 10% - 1:49
PP Forward
1 - 53% - 60% - 2:07
2 - 47% - 40% - 1:51
PP Defense
1 - 60% - 60% - 2:23
2 - 40% - 40% - 1:35
PK Forward
1 - 84% - 60% - 3:27
2 - 16% - 40% - 0:39
PK Defense
1 - 64% - 60% - 2:37
2 - 36% - 40% - 1:29
PK3 Forward
1 - 0% - 60%
2 - 0% - 40%
PK3 Defense
1 - 0% - 60%
2 - 0% - 40%
44 Forward
1 - 0% - 60%
2 - 0% - 40%
44 Defense
1 - 0% - 60%
2 - 0% - 40%
Last Minute Offensive  - 0:00
Last Minute Defensive  - 0:00
Total
Forward - 60:00
Defense - 60:00

Play-by-Play

1st period


0:01 of 1st period - Dominic Toninato wins face-off versus Vinni Lettieri in neutral zone.
0:48 of 1st period - Wrist shot by Dominic Toninato.
0:48 of 1st period - Deflect By Cole Bardreau.
0:48 of 1st period - Shot Misses the Net.
0:48 of 1st period - Puck is out of play.
0:49 of 1st period - Michael Amadio wins face-off versus Jansen Harkins in Binghampton Senators zone.
4:19 of 1st period - Wrist shot by Eric Robinson.
4:19 of 1st period - Stopped by Max Lagace with a rebound.
4:21 of 1st period - Slapshot by Kevin Porter.
4:21 of 1st period - Shot Misses the Net.
4:45 of 1st period - Wrist shot by Vinni Lettieri.
4:45 of 1st period - Shot Misses the Net.
4:47 of 1st period - Wrist shot by Beck Malenstyn.
4:47 of 1st period - Deflect By John Quenneville.
4:47 of 1st period - Shot Misses the Net.
4:47 of 1st period - Puck is out of play.
4:48 of 1st period - Jansen Harkins wins face-off versus Tommy Novak in Portland Pirates zone.
4:49 of 1st period - Slapshot by Vinni Lettieri.
4:49 of 1st period - Shot Blocked by Lukas Vejdemo.
5:15 of 1st period - Wrist shot by Nico Sturm.
5:15 of 1st period - Stopped by Jon Gillies without a rebound.
5:16 of 1st period - Dominic Toninato wins face-off versus Lane Pederson in Binghampton Senators zone.
5:22 of 1st period - Snap shot by Ben Thomas.
5:22 of 1st period - Shot Blocked by Lane Pederson.
5:24 of 1st period - Snap shot by Eeli Tolvanen.
5:24 of 1st period - Deflect By Cole Bardreau.
5:24 of 1st period - Shot Misses the Net.
5:24 of 1st period - Puck is out of play.
5:25 of 1st period - Lane Pederson wins face-off versus Dominic Toninato in Binghampton Senators zone.
5:25 of 1st period - Lane Pederson is hit by Dominic Toninato.
5:35 of 1st period - Jake Bischoff is hit by Dominic Toninato and loses puck.
5:44 of 1st period - Wrist shot by Cole Bardreau.
5:44 of 1st period - Shot Misses the Net.
5:46 of 1st period - Slapshot by Oliver Kylington.
5:46 of 1st period - Shot Hit the Post.
6:00 of 1st period - Slapshot by Lane Pederson.
6:00 of 1st period - Stopped by Max Lagace with a rebound.
6:02 of 1st period - Slapshot by Roland McKeown.
6:02 of 1st period - Shot Blocked by Devante Stephens.
6:04 of 1st period - Wrist shot by Anthony Greco.
6:04 of 1st period - Stopped by Max Lagace with a rebound.
6:30 of 1st period - Wrist shot by Lane Pederson.
6:30 of 1st period - Shot Blocked by Devante Stephens.
6:32 of 1st period - Slapshot by Roland McKeown.
6:32 of 1st period - Stopped by Max Lagace with a rebound.
6:38 of 1st period - Slapshot by Anthony Greco.
6:38 of 1st period - Goal by Anthony Greco - Binghampton Senators : 1 - Portland Pirates : 0.
6:39 of 1st period - Vinni Lettieri wins face-off versus Michael Amadio in neutral zone.
6:42 of 1st period - Wrist shot by Eric Robinson.
6:42 of 1st period - Shot Blocked by Oliver Kylington.
6:47 of 1st period - Off-side.
6:48 of 1st period - Michael Amadio wins face-off versus Vinni Lettieri in neutral zone.
7:27 of 1st period - Slapshot by Michael Amadio.
7:27 of 1st period - Stopped by Jon Gillies without a rebound.
7:28 of 1st period - Brandon Gignac wins face-off versus Nico Sturm in Binghampton Senators zone.
7:35 of 1st period - Snap shot by Lane Pederson.
7:35 of 1st period - Stopped by Max Lagace with a rebound.
7:55 of 1st period - Sebastian AhoD is hit by Vinni Lettieri and loses puck.
9:22 of 1st period - Icing by Devante Stephens.
9:23 of 1st period - Michael Amadio wins face-off versus Vinni Lettieri in Portland Pirates zone.
9:45 of 1st period - Snap shot by Eric Robinson.
9:45 of 1st period - Stopped by Max Lagace without a rebound.
9:46 of 1st period - Lane Pederson wins face-off versus Nico Sturm in Portland Pirates zone.
10:14 of 1st period - Minor Penalty to Roland McKeown for Slashing.
10:15 of 1st period - Vinni Lettieri wins face-off versus Dominic Toninato in Binghampton Senators zone.
10:26 of 1st period - Snap shot by Dominic Toninato.
10:26 of 1st period - Shot Misses the Net.
10:28 of 1st period - Backhand shot by Dominic Toninato.
10:28 of 1st period - Shot Blocked by Trevor Carrick.
12:14 of 1st period - Penalty to Roland McKeown is over, Roland McKeown is back on ice.
12:23 of 1st period - Snap shot by Nico Sturm.
12:23 of 1st period - Stopped by Jon Gillies with a rebound.
12:25 of 1st period - Slapshot by Sebastian AhoD.
12:25 of 1st period - Deflect By Fabian Zetterlund.
12:25 of 1st period - Shot Blocked by Kevin Porter.
12:25 of 1st period - Puck is out of play.
12:26 of 1st period - Nico Sturm wins face-off versus Jansen Harkins in Binghampton Senators zone.
12:30 of 1st period - Icing by Trevor Carrick.
12:31 of 1st period - Nico Sturm wins face-off versus Jansen Harkins in Binghampton Senators zone.
13:02 of 1st period - Snap shot by Lane Pederson.
13:02 of 1st period - Shot Blocked by Frederic Allard.
13:04 of 1st period - Wrist shot by Tobias Bjornfot.
13:04 of 1st period - Stopped by Max Lagace with a rebound.
13:39 of 1st period - Eric Robinson is hit by Michael Amadio and loses puck.
13:46 of 1st period - Snap shot by Vinni Lettieri.
13:46 of 1st period - Stopped by Max Lagace with a rebound.
13:48 of 1st period - Snap shot by Dylan Coghlan.
13:48 of 1st period - Deflect By Lukas Vejdemo.
13:48 of 1st period - Stopped by Max Lagace with a rebound.
13:50 of 1st period - Slapshot by Eric Robinson.
13:50 of 1st period - Stopped by Max Lagace with a rebound.
13:54 of 1st period - Snap shot by Eric Robinson.
13:54 of 1st period - Stopped by Max Lagace with a rebound.
14:14 of 1st period - Slapshot by Vinni Lettieri.
14:14 of 1st period - Shot Misses the Net.
14:16 of 1st period - Snap shot by Eric Robinson.
14:16 of 1st period - Stopped by Max Lagace without a rebound.
14:17 of 1st period - Dominic Toninato wins face-off versus Lane Pederson in Portland Pirates zone.
15:15 of 1st period - Wrist shot by Fabian Zetterlund.
15:15 of 1st period - Shot Misses the Net.
15:21 of 1st period - Slapshot by Fabian Zetterlund.
15:21 of 1st period - Stopped by Jon Gillies with a rebound.
15:24 of 1st period - Icing by Connor Dewar.
15:25 of 1st period - Michael Amadio wins face-off versus Connor Dewar in Binghampton Senators zone.
16:13 of 1st period - Wrist shot by Nico Sturm.
16:13 of 1st period - Stopped by Jon Gillies with a rebound.
17:03 of 1st period - Michael Amadio is hit by Eric Robinson and loses puck.
17:39 of 1st period - Snap shot by Eric Robinson.
17:39 of 1st period - Shot Blocked by Oliver Kylington.
17:41 of 1st period - Slapshot by Tobias Bjornfot.
17:41 of 1st period - Shot Misses the Net.
17:57 of 1st period - Snap shot by Jonah Gadjovich.
17:57 of 1st period - Stopped by Max Lagace with a rebound.
17:59 of 1st period - Wrist shot by Lane Pederson.
17:59 of 1st period - Shot Blocked by Devante Stephens.
18:01 of 1st period - Slapshot by Jonah Gadjovich.
18:01 of 1st period - Shot Misses the Net.
18:49 of 1st period - Icing by John Quenneville.
18:50 of 1st period - Connor Dewar wins face-off versus Tommy Novak in Portland Pirates zone.
18:56 of 1st period - Off-side.
18:57 of 1st period - Dominic Toninato wins face-off versus Lane Pederson in neutral zone.
19:09 of 1st period - Off-side.
19:10 of 1st period - Vinni Lettieri wins face-off versus Eeli Tolvanen in neutral zone.
19:13 of 1st period - Wrist shot by Eric Robinson.
19:13 of 1st period - Stopped by Max Lagace with a rebound.
19:15 of 1st period - Snap shot by Vinni Lettieri.
19:15 of 1st period - Shot Misses the Net.
19:17 of 1st period - Snap shot by Tobias Bjornfot.
19:17 of 1st period - Shot Misses the Net.
19:19 of 1st period - Wrist shot by Vinni Lettieri.
19:19 of 1st period - Shot Misses the Net.
19:21 of 1st period - Slapshot by Trevor Carrick.
19:21 of 1st period - Shot Blocked by Oliver Kylington.
19:23 of 1st period - Wrist shot by Kevin Porter.
19:23 of 1st period - Deflect By Vinni Lettieri.
19:23 of 1st period - Shot Misses the Net.
19:23 of 1st period - Puck is out of play.
19:24 of 1st period - John Quenneville wins face-off versus Vinni Lettieri in Portland Pirates zone.
19:28 of 1st period - Off-side.
19:29 of 1st period - Michael Amadio wins face-off versus Vinni Lettieri in neutral zone.
19:57 of 1st period - Snap shot by Lane Pederson.
19:57 of 1st period - Deflect By Jonah Gadjovich.
19:57 of 1st period - Stopped by Max Lagace with a rebound.
Goals for this period are 1 for Binghampton Senators vs 0 for Portland Pirates.
Shots for this period are 16 for Binghampton Senators vs 5 for Portland Pirates.

2nd period


0:01 of 2nd period - Dominic Toninato wins face-off versus Vinni Lettieri in neutral zone.
0:40 of 2nd period - Wrist shot by Michael Amadio.
0:40 of 2nd period - Stopped by Jon Gillies with a rebound.
0:56 of 2nd period - David Kase is hit by Roland McKeown and loses puck.
1:05 of 2nd period - Snap shot by Fabian Zetterlund.
1:05 of 2nd period - Stopped by Jon Gillies with a rebound.
2:27 of 2nd period - Cole Bardreau is hit by Beck Malenstyn.
3:06 of 2nd period - Sebastian AhoD is hit by Lane Pederson and loses puck.
3:27 of 2nd period - Dominic Toninato is hit by Jake Bischoff and loses puck.
3:38 of 2nd period - Dylan Coghlan is hit by David Kase and loses puck.
3:52 of 2nd period - Dylan Coghlan is hit by John Quenneville and loses puck.
4:51 of 2nd period - Slapshot by John Quenneville.
4:51 of 2nd period - Stopped by Jon Gillies with a rebound.
4:53 of 2nd period - Slapshot by Ben Thomas.
4:53 of 2nd period - Stopped by Jon Gillies with a rebound.
4:55 of 2nd period - Wrist shot by Tommy Novak.
4:55 of 2nd period - Shot Misses the Net.
4:57 of 2nd period - Slapshot by Ben Thomas.
4:57 of 2nd period - Stopped by Jon Gillies with a rebound.
6:38 of 2nd period - Roland McKeown is hit by Fabian Zetterlund and loses puck.
6:53 of 2nd period - Dominic Toninato is hit by Roland McKeown and loses puck.
8:09 of 2nd period - David Kase is hit by Vinni Lettieri and loses puck.
8:42 of 2nd period - Devante Stephens is hit by Justin Kirkland and loses puck.
9:11 of 2nd period - Brandon Gignac is hit by Lukas Vejdemo and loses puck.
9:39 of 2nd period - Snap shot by Jansen Harkins.
9:39 of 2nd period - Shot Blocked by Ben Thomas.
9:41 of 2nd period - Slapshot by Tobias Bjornfot.
9:41 of 2nd period - Stopped by Max Lagace with a rebound.
10:19 of 2nd period - Slapshot by Connor Dewar.
10:19 of 2nd period - Goal by Connor Dewar - Binghampton Senators : 2 - Portland Pirates : 0.
10:20 of 2nd period - Vinni Lettieri wins face-off versus Dominic Toninato in neutral zone.
10:49 of 2nd period - Slapshot by Nico Sturm.
10:49 of 2nd period - Shot Misses the Net.
11:03 of 2nd period - Wrist shot by Kevin Porter.
11:03 of 2nd period - Stopped by Max Lagace without a rebound.
11:04 of 2nd period - Justin Kirkland wins face-off versus Dominic Toninato in Portland Pirates zone.
11:05 of 2nd period - Wrist shot by Lane Pederson.
11:05 of 2nd period - Stopped by Max Lagace with a rebound.
11:07 of 2nd period - Slapshot by Tobias Bjornfot.
11:07 of 2nd period - Shot Misses the Net.
11:09 of 2nd period - Slapshot by Lane Pederson.
11:09 of 2nd period - Shot Misses the Net.
11:11 of 2nd period - Wrist shot by Tobias Bjornfot.
11:11 of 2nd period - Stopped by Max Lagace without a rebound.
11:12 of 2nd period - Lane Pederson wins face-off versus Dominic Toninato in Portland Pirates zone.
11:13 of 2nd period - Snap shot by Anthony Greco.
11:13 of 2nd period - Shot Blocked by Oliver Kylington.
11:17 of 2nd period - Wrist shot by Lane Pederson.
11:17 of 2nd period - Stopped by Max Lagace with a rebound.
11:19 of 2nd period - Snap shot by Anthony Greco.
11:19 of 2nd period - Stopped by Max Lagace with a rebound.
11:21 of 2nd period - Slapshot by Tobias Bjornfot.
11:21 of 2nd period - Stopped by Max Lagace with a rebound.
11:23 of 2nd period - Snap shot by Lane Pederson.
11:23 of 2nd period - Shot Misses the Net.
11:25 of 2nd period - Wrist shot by Justin Kirkland.
11:25 of 2nd period - Stopped by Max Lagace without a rebound.
11:26 of 2nd period - Vinni Lettieri wins face-off versus Cole Bardreau in Portland Pirates zone.
11:30 of 2nd period - Minor Penalty to Dominic Toninato for Interference.
11:31 of 2nd period - Fabian Zetterlund wins face-off versus Vinni Lettieri in Portland Pirates zone.
12:05 of 2nd period - Slapshot by Trevor Carrick.
12:05 of 2nd period - Deflect By Tommy Novak.
12:05 of 2nd period - Stopped by Max Lagace with a rebound.
12:07 of 2nd period - Slapshot by Lane Pederson.
12:07 of 2nd period - Stopped by Max Lagace without a rebound.
12:08 of 2nd period - Vinni Lettieri wins face-off versus Tommy Novak in Portland Pirates zone.
12:09 of 2nd period - Wrist shot by Eric Robinson.
12:09 of 2nd period - Stopped by Max Lagace with a rebound.
12:11 of 2nd period - Slapshot by Roland McKeown.
12:11 of 2nd period - Deflect By Kevin Porter.
12:11 of 2nd period - Shot Blocked by Tommy Novak.
12:11 of 2nd period - Puck is out of play.
12:12 of 2nd period - Vinni Lettieri wins face-off versus Tommy Novak in Portland Pirates zone.
13:30 of 2nd period - Penalty to Dominic Toninato is over, Dominic Toninato is back on ice.
14:05 of 2nd period - Vinni Lettieri is hit by Oliver Kylington and loses puck.
14:55 of 2nd period - Dominic Toninato is hit by Justin Kirkland and loses puck.
15:05 of 2nd period - Icing by Justin Kirkland.
15:06 of 2nd period - Michael Amadio wins face-off versus Vinni Lettieri in Binghampton Senators zone.
15:07 of 2nd period - Snap shot by John Quenneville.
15:07 of 2nd period - Shot Blocked by Jake Bischoff.
15:09 of 2nd period - Slapshot by Lukas Vejdemo.
15:09 of 2nd period - Shot Misses the Net.
15:27 of 2nd period - Frederic Allard is hit by Lane Pederson and loses puck.
15:59 of 2nd period - Lane Pederson is hit by Lukas Vejdemo and loses puck.
16:17 of 2nd period - Tobias Bjornfot is hit by Sebastian AhoD and loses puck.
16:49 of 2nd period - Wrist shot by Lukas Vejdemo.
16:49 of 2nd period - Shot Misses the Net.
17:36 of 2nd period - Dominic Toninato is hit by Tobias Bjornfot and loses puck.
17:43 of 2nd period - Wrist shot by Kevin Porter.
17:43 of 2nd period - Deflect By Eric Robinson.
17:43 of 2nd period - Shot Misses the Net.
17:43 of 2nd period - Puck is out of play.
17:44 of 2nd period - Vinni Lettieri wins face-off versus Nico Sturm in Portland Pirates zone.
18:30 of 2nd period - Roland McKeown is hit by David Kase.
18:46 of 2nd period - Justin Kirkland is hit by Lukas Vejdemo and loses puck.
19:01 of 2nd period - Beck Malenstyn is hit by Eeli Tolvanen and loses puck.
19:54 of 2nd period - Wiley Sherman is hit by Michael Amadio and loses puck.
Goals for this period are 1 for Binghampton Senators vs 0 for Portland Pirates.
Shots for this period are 12 for Binghampton Senators vs 5 for Portland Pirates.

3rd period


0:01 of 3rd period - Dominic Toninato wins face-off versus Vinni Lettieri in neutral zone.
0:04 of 3rd period - Snap shot by Cole Bardreau.
0:04 of 3rd period - Shot Blocked by Eric Robinson.
0:22 of 3rd period - Minor Penalty to Oliver Kylington for Holding.
0:23 of 3rd period - Dominic Toninato wins face-off versus Vinni Lettieri in Portland Pirates zone.
0:30 of 3rd period - Snap shot by Dominic Toninato.
0:30 of 3rd period - Deflect By Michael Amadio.
0:30 of 3rd period - Stopped by Jon Gillies with a rebound.
0:54 of 3rd period - Wrist shot by Justin Kirkland.
0:54 of 3rd period - Stopped by Max Lagace with a rebound.
2:16 of 3rd period - Ben Thomas is hit by Jake Bischoff and loses puck.
2:22 of 3rd period - Penalty to Oliver Kylington is over, Oliver Kylington is back on ice.
2:28 of 3rd period - Off-side.
2:29 of 3rd period - Michael Amadio wins face-off versus Jansen Harkins in neutral zone.
2:37 of 3rd period - Snap shot by Lukas Vejdemo.
2:37 of 3rd period - Shot Blocked by Jansen Harkins.
2:47 of 3rd period - Snap shot by Dominic Toninato.
2:47 of 3rd period - Shot Misses the Net.
3:13 of 3rd period - Dominic Toninato is hit by Vinni Lettieri and loses puck.
3:29 of 3rd period - Snap shot by Vinni Lettieri.
3:29 of 3rd period - Deflect By Jansen Harkins.
3:29 of 3rd period - Shot Misses the Net.
3:29 of 3rd period - Puck is out of play.
3:30 of 3rd period - Lane Pederson wins face-off versus Michael Amadio in Portland Pirates zone.
4:06 of 3rd period - Slapshot by Lane Pederson.
4:06 of 3rd period - Stopped by Max Lagace with a rebound.
4:22 of 3rd period - Sebastian AhoD is hit by Connor Dewar and loses puck.
4:31 of 3rd period - Snap shot by Kevin Porter.
4:31 of 3rd period - Shot Misses the Net.
4:38 of 3rd period - Icing by Andrew Nielsen.
4:39 of 3rd period - Brandon Gignac wins face-off versus Michael Amadio in Portland Pirates zone.
4:48 of 3rd period - Snap shot by Brandon Gignac.
4:48 of 3rd period - Stopped by Max Lagace with a rebound.
5:11 of 3rd period - Dominic Toninato is hit by Eric Robinson and loses puck.
7:04 of 3rd period - Jake Bischoff is hit by Dominic Toninato and loses puck.
7:12 of 3rd period - Icing by Roland McKeown.
7:13 of 3rd period - Nico Sturm wins face-off versus Lane Pederson in Binghampton Senators zone.
7:16 of 3rd period - Slapshot by David Kase.
7:16 of 3rd period - Goal by David Kase - Binghampton Senators : 2 - Portland Pirates : 1.
7:17 of 3rd period - Dominic Toninato wins face-off versus Eric Robinson in neutral zone.
7:28 of 3rd period - Wrist shot by Dominic Toninato.
7:28 of 3rd period - Stopped by Jon Gillies with a rebound.
7:30 of 3rd period - Wrist shot by Dominic Toninato.
7:30 of 3rd period - Stopped by Jon Gillies with a rebound.
7:32 of 3rd period - Slapshot by Ben Thomas.
7:32 of 3rd period - Shot Blocked by Eric Robinson.
8:09 of 3rd period - Slapshot by Jansen Harkins.
8:09 of 3rd period - Deflect By Vinni Lettieri.
8:09 of 3rd period - Shot Misses the Net.
8:09 of 3rd period - Puck is out of play.
8:10 of 3rd period - Nico Sturm wins face-off versus Jansen Harkins in Portland Pirates zone.
8:15 of 3rd period - Snap shot by Fabian Zetterlund.
8:15 of 3rd period - Stopped by Jon Gillies without a rebound.
8:16 of 3rd period - Vinni Lettieri wins face-off versus Dominic Toninato in Binghampton Senators zone.
8:26 of 3rd period - Off-side.
8:27 of 3rd period - Dominic Toninato wins face-off versus Vinni Lettieri in neutral zone.
8:32 of 3rd period - Snap shot by Dominic Toninato.
8:32 of 3rd period - Shot Misses the Net.
8:58 of 3rd period - Wrist shot by Lukas Vejdemo.
8:58 of 3rd period - Shot Misses the Net.
9:18 of 3rd period - Icing by Beck Malenstyn.
9:19 of 3rd period - Jansen Harkins wins face-off versus Nico Sturm in Binghampton Senators zone.
9:30 of 3rd period - Snap shot by Nico Sturm.
9:30 of 3rd period - Shot Blocked by Dylan Coghlan.
9:32 of 3rd period - Slapshot by Ben Thomas.
9:32 of 3rd period - Deflect By David Kase.
9:32 of 3rd period - Shot Misses the Net.
9:32 of 3rd period - Puck is out of play.
9:33 of 3rd period - Lane Pederson wins face-off versus Dominic Toninato in Binghampton Senators zone.
9:38 of 3rd period - Slapshot by Tobias Bjornfot.
9:38 of 3rd period - Stopped by Max Lagace without a rebound.
9:39 of 3rd period - Dominic Toninato wins face-off versus Lane Pederson in Portland Pirates zone.
9:49 of 3rd period - Wrist shot by Dominic Toninato.
9:49 of 3rd period - Shot Misses the Net.
9:56 of 3rd period - Minor Penalty to Justin Kirkland for Elbowing.
9:57 of 3rd period - Vinni Lettieri wins face-off versus Dominic Toninato in Binghampton Senators zone.
10:13 of 3rd period - Wrist shot by Dominic Toninato.
10:13 of 3rd period - Shot Blocked by Trevor Carrick.
11:56 of 3rd period - Penalty to Justin Kirkland is over, Justin Kirkland is back on ice.
12:01 of 3rd period - Lukas Vejdemo is hit by Justin Kirkland.
12:12 of 3rd period - Minor Penalty to David Kase for Hooking.
12:13 of 3rd period - Vinni Lettieri wins face-off versus Dominic Toninato in Portland Pirates zone.
12:18 of 3rd period - Wrist shot by Kevin Porter.
12:18 of 3rd period - Deflect By Vinni Lettieri.
12:18 of 3rd period - Shot Blocked by Oliver Kylington.
12:18 of 3rd period - Puck is out of play.
12:19 of 3rd period - Vinni Lettieri wins face-off versus Dominic Toninato in Portland Pirates zone.
12:20 of 3rd period - Snap shot by Eric Robinson.
12:20 of 3rd period - Goal by Eric Robinson - Binghampton Senators : 3 - Portland Pirates : 1.
12:21 of 3rd period - Vinni Lettieri wins face-off versus Dominic Toninato in neutral zone.
12:50 of 3rd period - Snap shot by David Kase.
12:50 of 3rd period - Shot Misses the Net.
12:52 of 3rd period - Wrist shot by David Kase.
12:52 of 3rd period - Shot Blocked by Eric Robinson.
12:54 of 3rd period - Snap shot by David Kase.
12:54 of 3rd period - Shot Misses the Net.
12:56 of 3rd period - Slapshot by Devante Stephens.
12:56 of 3rd period - Shot Blocked by Trevor Carrick.
12:58 of 3rd period - Slapshot by Devante Stephens.
12:58 of 3rd period - Stopped by Jon Gillies with a rebound.
13:00 of 3rd period - Snap shot by Nico Sturm.
13:00 of 3rd period - Stopped by Jon Gillies with a rebound.
13:30 of 3rd period - Jonah Gadjovich beats up Eeli Tolvanen.
13:30 of 3rd period - Penalty to Eeli Tolvanen for Fighting.
13:30 of 3rd period - Penalty to Jonah Gadjovich for Fighting.
13:31 of 3rd period - Dominic Toninato wins face-off versus Vinni Lettieri in Binghampton Senators zone.
13:56 of 3rd period - Oliver Kylington is hit by Lane Pederson and loses puck.
14:05 of 3rd period - Wrist shot by Michael Amadio.
14:05 of 3rd period - Shot Misses the Net.
14:37 of 3rd period - Backhand shot by Tommy Novak.
14:37 of 3rd period - Shot Misses the Net.
14:39 of 3rd period - Slapshot by Frederic Allard.
14:39 of 3rd period - Stopped by Jon Gillies with a rebound.
14:41 of 3rd period - Slapshot by Frederic Allard.
14:41 of 3rd period - Stopped by Jon Gillies with a rebound.
14:43 of 3rd period - Slapshot by Cole Bardreau.
14:43 of 3rd period - Stopped by Jon Gillies with a rebound.
14:55 of 3rd period - Snap shot by Filip Chlapik.
14:55 of 3rd period - Stopped by Jon Gillies with a rebound.
15:21 of 3rd period - Dominic Toninato is hit by Justin Kirkland and loses puck.
15:38 of 3rd period - Snap shot by Fabian Zetterlund.
15:38 of 3rd period - Shot Misses the Net.
15:40 of 3rd period - Slapshot by David Kase.
15:40 of 3rd period - Stopped by Jon Gillies without a rebound.
15:41 of 3rd period - Nico Sturm wins face-off versus Lane Pederson in Binghampton Senators zone.
15:44 of 3rd period - Wrist shot by David Kase.
15:44 of 3rd period - Shot Blocked by Anthony Greco.
16:02 of 3rd period - Lukas Vejdemo is hit by Jake Bischoff and loses puck.
16:21 of 3rd period - Snap shot by Cole Bardreau.
16:21 of 3rd period - Shot Misses the Net.
16:23 of 3rd period - Snap shot by Cole Bardreau.
16:23 of 3rd period - Shot Blocked by Trevor Carrick.
16:25 of 3rd period - Slapshot by Sebastian AhoD.
16:25 of 3rd period - Shot Misses the Net.
16:41 of 3rd period - Snap shot by Fabian Zetterlund.
16:41 of 3rd period - Shot Misses the Net.
16:43 of 3rd period - Wrist shot by Nico Sturm.
16:43 of 3rd period - Stopped by Jon Gillies without a rebound.
16:44 of 3rd period - Michael Amadio wins face-off versus Lane Pederson in Binghampton Senators zone.
16:45 of 3rd period - Snap shot by John Quenneville.
16:45 of 3rd period - Stopped by Jon Gillies with a rebound.
16:47 of 3rd period - Snap shot by Oliver Kylington.
16:47 of 3rd period - Shot Blocked by Justin Kirkland.
16:49 of 3rd period - Snap shot by Michael Amadio.
16:49 of 3rd period - Stopped by Jon Gillies with a rebound.
16:53 of 3rd period - Wrist shot by John Quenneville.
16:53 of 3rd period - Shot Misses the Net.
16:55 of 3rd period - Slapshot by John Quenneville.
16:55 of 3rd period - Stopped by Jon Gillies with a rebound.
16:57 of 3rd period - Slapshot by Michael Amadio.
16:57 of 3rd period - Shot Misses the Net.
17:16 of 3rd period - Wrist shot by Kevin Porter.
17:16 of 3rd period - Shot Misses the Net.
17:42 of 3rd period - Slapshot by Frederic Allard.
17:42 of 3rd period - Deflect By Fabian Zetterlund.
17:42 of 3rd period - Shot Blocked by Dylan Coghlan.
17:42 of 3rd period - Puck is out of play.
17:43 of 3rd period - Lane Pederson wins face-off versus Nico Sturm in Binghampton Senators zone.
17:43 of 3rd period - Lane Pederson is hit by Oliver Kylington.
17:54 of 3rd period - Icing by Ben Thomas.
17:55 of 3rd period - Tommy Novak wins face-off versus Vinni Lettieri in Portland Pirates zone.
18:20 of 3rd period - Devante Stephens is hit by Lane Pederson and loses puck.
19:26 of 3rd period - Wrist shot by Jansen Harkins.
19:26 of 3rd period - Shot Blocked by Dominic Toninato.
Goals for this period are 1 for Binghampton Senators vs 1 for Portland Pirates.
Shots for this period are 5 for Binghampton Senators vs 16 for Portland Pirates.